 Dungeon Crawl Stone Soup version 0.27.0-1-g7a089689b8 (webtiles) character file.

Game seed: 8240584543701831420

99 Leibowitz the Poker (level 4, 0/34 HPs)
             Began as a Merfolk Gladiator on Aug 7, 2021.
             Was an Initiate of Qazlal.
             Slain by a sky beast (3 damage)
             ... on level 4 of the Dungeon.
             The game lasted 00:05:32 (2887 turns).

Leibowitz the Poker (Merfolk Gladiator)             Turns: 2887, Time: 00:05:32

Health: 0/34       AC:  4    Str: 15    XL:     4   Next: 72%
Magic:  0/4        EV: 15    Int:  7    God:    Qazlal [......]
Gold:   65         SH:  0    Dex: 21    Spells: 3/3 levels left

rFire    . . .     SeeInvis .   a - +0 trident
rCold    . . .     Faith    .   (no shield)
rNeg     . . .     Spirit   +   b - +0 leather armour
rPois    .         Reflect  .   c - +0 helmet
rElec    .         Harm     .   (no cloak)
rCorr    +         Rampage  .   (no gloves)
Will     .....                  (no boots)
Stlth    ++........             e - amulet of guardian spirit
HPRegen  0.11/turn              n - +6 ring of dexterity
MPRegen  0.09/turn              o - ring of resist corrosion

@: no status effects
A: (nimble swimmer 2), mertail
a: Renounce Religion


You were on level 4 of the Dungeon.
You worshipped Qazlal.
Qazlal was noncommittal.
You visited 1 branch of the dungeon, and saw 4 of its levels.

You collected 65 gold pieces.

Inventory:

Hand Weapons
 a - a +0 trident (weapon)
Missiles
 d - 2 throwing nets (quivered)
Armour
 b - a +0 leather armour (worn)
 c - a +0 helmet (worn)
Jewellery
 e - an amulet of guardian spirit (around neck)
 n - a +6 ring of dexterity (left hand)
 o - a ring of resist corrosion (right hand)
Wands
 l - a wand of digging (3)
 q - a wand of charming (7)
Scrolls
 g - 3 scrolls of identify {unknown}
 h - a scroll of fear {unknown}
 k - a scroll of fog {unknown}
 m - a scroll of teleportation {unknown}
 p - a scroll of acquirement {unknown}
Potions
 f - a potion of might {unknown}
 i - 2 potions of curing {unknown}
 j - a potion of heal wounds {unknown}


   Skills:
 * Level 2.7 Fighting
 * Level 6.2 Polearms
 - Level 2.0 Throwing
 + Level 0.6 Armour
 * Level 5.1 Dodging


You had 3 spell levels left.
You didn't know any spells.
Your spell library contained the following spells:

 Spells                   Type           Power      Damage    Failure   Level
 Beastly Appendage        Tmut           0%         N/A       50%         1
 Static Discharge         Conj/Air       0%         N/A       65%         2
 Wereblood                Tmut           0%         N/A       65%         2
 Spider Form              Tmut/Pois      0%         N/A       86%         3
 Dispel Undead            Necr           0%         3d6       99%         4
 Sticky Flame             Conj/Fire      0%         2d3       99%         4


Dungeon Overview and Level Annotations

Branches:
Dungeon (4/15)
 Temple: D:4-7

Altars:
Qazlal

Shops:
D:1 (   D:3 [


Innate Abilities, Weirdness & Mutations

((You are quick and stealthy near water. (Stealth+, EV+, Speed+++)))
Your lower body shifts to a powerful aquatic tail in water.


Message History

The ball python grabs you. The ball python constricts you.
You puncture the ball python!
You kill the ball python!
Qazlal accepts your kill.
You see here a ball python corpse.
The sky beast flickers out of sight!
Deactivating autopickup; reactivate with Ctrl-A.
Something hits you. Something shocks you.
You see here a ball python corpse.
You hit something. Something hits you but does no damage.
You miss something. Something barely misses you.
You barely miss something.
A sky beast appears from thin air!
Reactivating autopickup.
The sky beast hits you. The sky beast shocks you.
You hit the sky beast.
The sky beast is moderately wounded.
The sky beast hits you. The sky beast shocks you.
You closely miss the sky beast.
The sky beast is moderately wounded.
The sky beast closely misses you.
You hit the sky beast but do no damage.
The sky beast is moderately wounded.
The sky beast flickers out of sight!
Deactivating autopickup; reactivate with Ctrl-A.
Something hits you. Something shocks you.
* * * LOW HITPOINT WARNING * * *
You puncture something! Something hits you.
* * * LOW HITPOINT WARNING * * *
Something shocks you.
* * * LOW HITPOINT WARNING * * *
You miss something.
A sky beast appears from thin air!
Reactivating autopickup.
The sky beast hits you but does no damage.
Your leather armour prevents you from hitting the sky beast.
The sky beast is heavily wounded.
The sky beast hits you but does no damage.
You miss the sky beast.
The sky beast is heavily wounded.
The sky beast hits you.
You die...

#.....# #.....#
....... #.....#
....... #.....##
....... #......#
....... ###†##.#
...)... #..#.#
.......
##.#.#####.......
##.#.#...@Y...)..
##......##........
#...#.####..[.....
#.#...# #....(...
...##..##
#........ ...##
##..####.......
..## #....#
#.....# . #.##.#
#..### #.##.# #.#


You could see a sky beast.

Vanquished Creatures
  Ijyb (D:3)
  2 adders (D:3)
  3 worms
  3 bats
  3 endoplasms
  A giant cockroach (D:1)
  A goblin (D:3)
  7 hobgoblins
  6 jackals (D:1)
  5 kobolds
  2 quokkas
  6 ball pythons
  2 frilled lizards (D:1)
  3 rats
45 creatures vanquished.

Notes
Turn   | Place    | Note
-------+----------+-------------------------------------------
     0 | D:1      | Leibowitz the Merfolk Gladiator began the quest for the
                  | Orb.
     0 | D:1      | Reached XP level 1. HP: 16/16 MP: 1/1
   131 | D:1      | Reached XP level 2. HP: 22/22 MP: 2/2
   134 | D:1      | Found Lurajol's Antique Weapon Emporium.
   371 | D:1      | Reached skill level 5 in Polearms
   573 | D:1      | Reached XP level 3. HP: 28/28 MP: 3/3
   752 | D:2      | Found a faded altar of an unknown god.
  1046 | D:2      | Found a stormy altar of Qazlal.
  1071 | D:2      | Became a worshipper of Qazlal Stormbringer
  1969 | D:3      | Reached XP level 4. HP: 34/34 MP: 4/4
  2054 | D:3      | Reached skill level 5 in Dodging
  2268 | D:3      | Noticed Ijyb
  2279 | D:3      | Paralysed by Ijyb for 7 turns
  2303 | D:3      | Found Loucw's Antique Armour Boutique.
  2351 | D:3      | Killed Ijyb
  2352 | D:3      | Reached skill level 6 in Polearms
  2872 | D:4      | Noticed a sky beast
  2887 | D:4      | Slain by a sky beast

Illustrated notes

Levels and vault maps discovered:
D:1:      lemuel_arrival_rhombus, layout_basic, serial_shops, shop
D:2:      layout_basic, basic_altar, hellmonk_ecumenical_altar_blasted,
          columned_hall_lemuel
D:3:      layout_rooms, serial_shops, nicolae_shop_crystal, uniq_ijyb
D:4:      layout_rooms, uniq_duvessa

Skill      XL: |  1  2  3  4 |
---------------+-------------+-----
Polearms       | 5 6 |  6.2
Dodging        | 5 |  5.1
Fighting       | |  2.7
Throwing       | |  2.0
Armour         | |  0.6

Action                   |  1- 3 |  4- 6 || total
-------------------------+-------+-------++-------
Melee: Trident           |   100 |    65 ||   165
Throw: Throwing net      |       |     3 ||     3
Evoke: Wand              |       |     1 ||     1
 Stab: Sleeping          |     1 |     1 ||     2
       Held in net/web   |       |     1 ||     1
Armor: Leather armour    |    17 |     9 ||    26
Dodge: Dodged            |    61 |    46 ||   107
